 Dungeon Crawl Stone Soup version 0.26-a0-708-g17f3b190f9 (webtiles) character file.

Game seed: 14374683925808455142

7401 jestyr24 the Destroyer (level 11, -6/83 HPs)
             Began as a Human Conjurer on Oct 27, 2020.
             Was an Initiate of Gozag.
             Mangled by an orc knight
             ... wielding a +0 glaive
              (32 damage)
             ... in a bailey on Oct 29, 2020.
             The game lasted 01:40:11 (12038 turns).

jestyr24 the Destroyer (Human Conjurer)            Turns: 12038, Time: 01:40:11

Health: -6/83      AC:  6    Str:  7    XL:     11   Next: 36%
Magic:  16/24      EV: 14    Int: 22    God:    Gozag
Gold:   520        SH:  0    Dex: 12    Spells: 20/28 levels left

rFire    . . .     SeeInvis +   w - +3 dagger
rCold    . . .     Faith    .   (no shield)
rNeg     . . .     Spirit   .   a - +1 robe
rPois    .         Reflect  .   (helmet restricted)
rElec    .         Harm     .   p - +0 cloak {MR+}
rCorr    .         Rampage  .   m - +1 pair of gloves
MR       +....                  (no boots)
Stlth    +++.......             G - amulet of magic regeneration
HPRegen  0.23/turn              t - ring of see invisible
MPRegen  0.44/turn              (no ring)

@: studying Fighting
A: horns 1
a: Potion Petition, Call Merchant, Bribe Branch, Renounce Religion


You were in a bailey.
You worshipped Gozag.
Gozag was pleased with you.
You visited 2 branches of the dungeon, and saw 11 of its levels.
You also visited: Bailey.

You collected 1444 gold pieces.
You spent 766 gold pieces at shops.
You paid 158 gold pieces to Gozag.

Inventory:

Hand Weapons
 e - a +0 dagger of holy wrath
 h - a +2 whip of pain
 l - a +1 vorpal mace
 w - a +3 dagger (weapon)
 A - a +4 shortbow
 R - a +2 morningstar of draining
Missiles
 g - 9 poisoned darts
 r - 13 boomerangs (quivered)
 B - 88 arrows
 K - 2 throwing nets
Armour
 a - a +1 robe (worn)
 m - a +1 pair of gloves (worn)
 o - a scarf of harm
 p - a +0 cloak of magic resistance (worn)
 y - a +0 kite shield
 F - a +0 cloak
Jewellery
 t - a ring of see invisible (left hand)
 G - an amulet of magic regeneration (around neck)
Wands
 f - a wand of enslavement (7)
 j - a wand of random effects (12)
 n - a wand of acid (8)
 E - a wand of flame (22)
 I - a wand of paralysis (5)
 J - a wand of disintegration (9)
 N - a wand of polymorph (8)
Scrolls
 b - 3 scrolls of teleportation
 c - 9 scrolls of identify
 d - 2 scrolls of fog
 q - a scroll of magic mapping {unknown}
 x - 2 scrolls of blinking
 M - a scroll of enchant armour
 O - a scroll of noise
Potions
 i - 3 potions of haste
 k - 2 potions of brilliance
 s - a potion of curing
 u - a potion of heal wounds
 v - 4 potions of flight
 C - a potion of berserk rage
 D - a potion of invisibility {unknown}
 L - a potion of stabbing
 P - a potion of might
Books
 H - a manual of Fighting


   Skills:
 * Level 6.7 Fighting
 - Level 3.3 Bows
 + Level 5.1 Dodging
 - Level 4.5 Stealth
 - Level 0.9 Shields
 + Level 9.3 Spellcasting
 + Level 10.4 Conjurations
 * Level 2.0 Air Magic
 - Level 2.1 Evocations


You had 20 spell levels left.
You knew the following spells:

 Your Spells              Type           Power        Failure   Level
a - Magic Dart            Conj           ####         1%          1
b - Searing Ray           Conj           ######       1%          2
c - Lightning Bolt        Conj/Air       #####.....   14%         5

Your spell library contained the following spells:

 Spells                   Type           Power        Failure   Level
 Shock                    Conj/Air       ####         1%          1
 Static Discharge         Conj/Air       #####...     1%          3
 Dazzling Flash           Conj/Hex       ####..       2%          3
 Swiftness                Air            ###.....     4%          2
 Fulminant Prism          Conj/Hex       ####......   8%          4
 Iskenderun's Mystic Bla  Conj/Tloc      ####....     8%          4
 Airstrike                Air            ###.......   28%         4


Dungeon Overview and Level Annotations

Branches:
Dungeon (10/15)            Temple (1/1) D:7             Orc (0/2) D:9
 Bailey (1/1)
   Lair: D:8-11

Altars:
Ashenzari
Cheibriados
Dithmenos
Elyvilon
Fedhas
Gozag
Hepliaklqana
Kikubaaqudgha
Makhleb
Nemelex Xobeh
Okawaru
Qazlal
Ru
Sif Muna
Uskayaw
Vehumet
Wu Jian
Xom
Yredelemnul
Zin
The Shining One

Shops:
D:4 }[**   D:9 *


Innate Abilities, Weirdness & Mutations

You have a pair of small horns on your head.


Message History

The bolt of negative energy misses the orc knight.
Casting: Searing Ray (safe; 1% risk of failure)
Confirm with . or Enter, or press ? or * to list all spells.
Aiming: Searing Ray (safe; 1% risk of failure)
Press: ? - help, Shift-Dir - straight line, f/p - orc knight
Aim: an orc knight, wielding a +0 glaive and wearing a +0 scale mail (lightly wounded, strong)
The searing ray hits the orc knight!
The orc knight is moderately wounded. (Press . to maintain the ray.)
The orc knight hits you from afar with a +0 glaive!!
The searing ray hits the orc knight!
The orc knight is moderately wounded.
The orc knight hits you from afar with a +0 glaive!!
* * * LOW HITPOINT WARNING * * *
Press: ? - help, Dir - move target cursor, p - orc knight
As you read the scroll of blinking, it crumbles to dust.
The orc knight no longer looks unusually strong.
The orc knight hits you from afar with a +0 glaive!!
You die...
Your body crumbles into a pile of gold.

########### ##....@....##
##..≈≈≈≈≈≈≈..## ##..≈≈...$o≈≈..##
#########..≈≈..###..≈≈..#########
..........≈≈..## ##..≈≈..........
.≈≈≈≈≈≈≈≈≈≈$.##.∩.##.)≈≈≈≈≈≈≈≈≈≈.
.≈....$$.$..##.... ##..........≈.
.≈.########## ##+###'#########.≈.
.≈.## ... $$$ ##.≈.


You could see an orc knight.

Vanquished Creatures
  Harold (D:8)
  Nergalle (D:9)
  Pikel (D:8)
  Maurice (D:8)
  Grinder (D:5)
  2 hornets
  A water moccasin (D:9)
  4 sky beasts
  A swamp drake (D:9)
  A black bear (D:7)
  An ice beast (D:8)
  5 orc warriors
  6 ogres
  A phantom (D:9)
  5 centaurs
  2 lemures (D:8)
  10 bullfrogs
  A water moccasin zombie (D:8)
  2 scorpions (D:10)
  4 killer bees (D:7)
  3 wights (D:10)
  A centaur zombie (D:6)
  3 jellies
  3 orc priests
  5 hounds
  11 orc wizards
  A bullfrog skeleton (D:7)
  Terence (D:2)
  An iguana (D:6)
  Natasha (thrice) (D:2)
  8 worker ants
  A killer bee zombie (D:6)
  A hound zombie (D:6)
  A howler monkey zombie (D:7)
  A worker ant zombie (D:5)
  8 gnolls (D:6)
  7 adders
  4 shadow imps
  2 white imps (D:7)
  An ooze (D:5)
  2 adder skeletons (D:7)
  An adder zombie (D:8)
  4 worms
  8 leopard geckos
  40 orcs
  12 bats
  6 giant cockroaches
  10 goblins
  8 hobgoblins
  6 jackals
  3 quokkas
  A ball python (D:1)
  5 frilled lizards
  7 kobolds
  A quokka skeleton (D:7)
  A quokka zombie (D:8)
  13 rats
245 creatures vanquished.

Vanquished Creatures (others)
  A plant (D:4)
1 creature vanquished.

Grand Total: 246 creatures vanquished

Notes
Turn   | Place    | Note
-------+----------+-------------------------------------------
     0 | D:1      | jestyr24 the Human Conjurer began the quest for the Orb.
     0 | D:1      | Reached XP level 1. HP: 13/13 MP: 3/3
   259 | D:1      | Reached XP level 2. HP: 19/19 MP: 0/5
   579 | D:1      | Reached XP level 3. HP: 9/25 MP: 1/6
   597 | D:1      | Reached skill level 1 in Fighting
  1384 | D:2      | Learned a level 2 spell: Searing Ray
  1490 | D:2      | Noticed Natasha
  1503 | D:2      | Killed Natasha
  1503 | D:2      | Reached XP level 4. HP: 29/32 MP: 1/7
  1723 | D:2      | Noticed Natasha
  1732 | D:2      | Killed Natasha
  2006 | D:2      | Noticed Terence
  2018 | D:2      | Killed Terence
  2018 | D:2      | Reached skill level 5 in Conjurations
  2018 | D:2      | Reached XP level 5. HP: 37/37 MP: 0/8
  2233 | D:2      | Noticed Natasha
  2238 | D:2      | Killed Natasha
  2434 | D:2      | Found an iron altar of Okawaru.
  2434 | D:2      | Found a sparkling altar of Nemelex Xobeh.
  3230 | D:3      | Upgraded the game from 0.26-a0-707-g31817bcca1 to
                  | 0.26-a0-708-g17f3b190f9
  3233 | D:4      | Reached XP level 6. HP: 44/44 MP: 7/10
  3446 | D:4      | Found Qyidd's Antique Armour Shop.
  3453 | D:4      | Bought an embroidered scarf for 208 gold pieces
  3464 | D:4      | Found Sehocwar's Gadget Shoppe.
  3555 | D:4      | Got a warped scale mail
  3658 | D:4      | Identified the cursed +1 scale mail of the Pink Corner
                  | {-Tele rElec Str+3 Int+7} (You found it on level 4 of the
                  | Dungeon)
  3735 | D:4      | Gained mutation: You expend magic power (3 MP) to
                  | strengthen your wands. [potion of mutation]
  3735 | D:4      | Gained mutation: You are resistant to electric shocks.
                  | (rElec) [potion of mutation]
  3742 | D:4      | Lost mutation: You expend magic power (3 MP) to strengthen
                  | your wands. [potion of mutation]
  3742 | D:4      | Gained mutation: Your magical capacity is low. (-10% MP)
                  | [potion of mutation]
  3742 | D:4      | Gained mutation: Your movements are slightly less
                  | encumbered by armour. (ER -2) [potion of mutation]
  3743 | D:4      | Lost mutation: Your magical capacity is low. (-10% MP)
                  | [potion of mutation]
  3743 | D:4      | Lost mutation: You are resistant to electric shocks.
                  | (rElec) [potion of mutation]
  3743 | D:4      | Lost mutation: Your movements are slightly less encumbered
                  | by armour. (ER -2) [potion of mutation]
  3743 | D:4      | Gained mutation: You have a pair of small horns on your
                  | head. [potion of mutation]
  3743 | D:4      | Gained mutation: You evolve. [potion of mutation]
  3772 | D:4      | Found Ifelis's General Store.
  3904 | D:4      | Found Takalus's Assorted Antiques.
  3909 | D:4      | Noticed an ogre
  3914 | D:4      | Killed an ogre
  3914 | D:4      | Reached XP level 7. HP: 50/50 MP: 6/12
  4306 | D:5      | Entered Level 5 of the Dungeon
  4361 | D:5      | Reached skill level 6 in Conjurations
  4675 | D:5      | Noticed Grinder
  4687 | D:5      | Killed Grinder
  4736 | D:5      | Lost mutation: You evolve. [end of evolution]
  4819 | D:5      | Reached XP level 8. HP: 49/57 MP: 6/14
  5750 | D:6      | Reached skill level 5 in Spellcasting
  5750 | D:6      | Reached skill level 7 in Conjurations
  5878 | D:6      | Found an opulent altar of Gozag.
  5966 | D:6      | Reached skill level 1 in Evocations
  6589 | D:6      | Reached XP level 9. HP: 64/64 MP: 10/17
  6913 | D:7      | Found a shimmering altar of Xom.
  6931 | D:7      | Found a snail-covered altar of Cheibriados.
  6947 | D:7      | Found a sacrificial altar of Ru.
  6972 | D:7      | Found a staircase to the Ecumenical Temple.
  6983 | Temple   | Entered the Ecumenical Temple
  7125 | Temple   | Became a worshipper of Gozag Ym Sagoz the Greedy
  7160 | D:7      | Found a blossoming altar of Fedhas.
  7451 | D:7      | Reached skill level 8 in Conjurations
  7654 | D:7      | Found a hazy altar of Hepliaklqana.
  8886 | D:8      | Noticed Harold
  9096 | D:8      | Found a radiant altar of Vehumet.
  9098 | D:8      | Noticed Pikel
  9173 | D:8      | Reached skill level 1 in Bows
  9173 | D:8      | Reached XP level 10. HP: 71/71 MP: 14/20
  9192 | D:8      | Killed Pikel
  9192 | D:8      | Reached skill level 9 in Conjurations
  9298 | D:8      | Found a burning altar of Makhleb.
  9356 | D:8      | Noticed Maurice
  9365 | D:8      | Killed Maurice
  9553 | D:8      | Found a stormy altar of Qazlal.
  9555 | D:8      | Found a broken altar of Ashenzari.
  9619 | D:8      | Killed Harold
  9951 | D:9      | Reached skill level 5 in Fighting
 10035 | D:9      | Found a staircase to the Orcish Mines.
 10306 | D:9      | Reached XP level 11. HP: 80/80 MP: 18/23
 10320 | D:9      | Reached skill level 10 in Conjurations
 10463 | D:9      | Found Wan Tiufe's General Store.
 10499 | D:9      | Bought a +0 cloak of magic resistance for 138 gold pieces
 10928 | D:4      | Bought a paperback book for 420 gold pieces
 10934 | D:4      | Learned a level 5 spell: Lightning Bolt
 11146 | D:10     | Entered Level 10 of the Dungeon
 11147 | D:10     | Noticed Nergalle
 11158 | D:9      | Killed Nergalle
 11158 | D:9      | Reached skill level 5 in Dodging
 11158 | D:9      | Reached skill level 1 in Air Magic
 11268 | D:10     | Paralysed by a hornet for 3 turns
 11634 | D:10     | Found a flagged portal.
 11647 | Bailey   | Entered a bailey
 11861 | Bailey   | Noticed an orc knight
 11948 | Bailey   | Noticed an orc knight
 12038 | Bailey   | Mangled by an orc knight

Illustrated notes

Levels and vault maps discovered:
D:1:      wander_arrival_chamber, layout_rooms, minmay_close_crescents
D:2:      layout_loops_ring, minitemple, minivault_14,
          minmay_misc_feat_enclosed, uniq_terence, uniq_natasha
D:3:      layout_rooms, kennysheep_generic_room_12
D:4:      layout_loops_ring, serial_shops, nicolae_shop_waterfront,
          nicolae_shop_overgrown_old_shop, shop, kennysheep_mini_moat,
          minmay_quadrilaterals
D:5:      layout_basic, hangedman_decor_diamond_cutter, minmay_misc_feat_roman,
          minmay_misc_feat_secret_circle, uniq_grinder
D:6:      layout_basic, nicolae_gozag_seed_capital
D:7:      layout_loops_ring, nicolae_overflow_quartered_altars,
          old_standard_altar
D:8:      layout_cave_pools, nicolae_overflow_hidden_temple, minmay_manual_mess,
          uniq_maurice, uniq_harold, uniq_pikel
D:9:      layout_basic, erik_orc_1, serial_shops, shop
D:10:     minmay_inner_zag, layout_rooms, special_room [special_room_orc],
          enter_bailey_3, minmay_lindwurm_lava, uniq_nergalle
Temple:   compressed_dpeg_circular_temple
Bailey:   bailey_polearm_1, bailey

Skill      XL: |  1  2  3  4  5  6  7  8  9 10 11 |
---------------+----------------------------------+-----
Fighting       | 1 2 3 5 6 |  6.7
Conjurations   | 5 6 7 8 9 10 | 10.4
Spellcasting   | 3 4 5 6 8 9 |  9.3
Stealth        | 3 4 |  4.5
Dodging        | 3 4 5 |  5.1
Evocations     | 1 2 |  2.1
Bows           | 1 3 |  3.3
Air Magic      | 2 |  2.0
Shields        | |  0.9

Action                   |  1- 3 |  4- 6 |  7- 9 | 10-12 || total
-------------------------+-------+-------+-------+-------++-------
Melee: Spear             |     8 |       |       |       ||     8
       Dagger            |    29 |     9 |    15 |       ||    53
Throw: Boomerang         |       |     2 |       |       ||     2
 Cast: Magic Dart        |    49 |    43 |   134 |   117 ||   343
       Searing Ray       |     3 |    23 |    52 |    60 ||   138
       Lightning Bolt    |       |       |       |     3 ||     3
Evoke: Wand              |       |       |       |     2 ||     2
  Use: Potion            |       |    12 |       |     1 ||    13
       Scroll            |       |     6 |     1 |     6 ||    13
 Stab: Sleeping          |       |       |     1 |       ||     1
Armor: Robe              |    15 |     3 |    14 |     4 ||    36
Dodge: Dodged            |    45 |    23 |    66 |    46 ||   180

Table legend: (Time is in decaauts)
 A = Elapsed time spent in this place.
 B = Non-inter-level travel time spent in this place.
 C = Inter-level travel time spent in this place.
 D = Time resting spent in this place.
 E = Time spent auto-exploring this place.
 F = Levels seen in this place.
 G = Mean time per level.
                   A        B        C        D        E       F      G
               +--------+--------+--------+--------+--------+-----+--------+
         Total |  12059 |  11493 |    566 |   4572 |   1988 |  12 | 1004.9 |
       Dungeon |  11517 |  10951 |    566 |   4407 |   1988 |  10 | 1151.7 |
        Temple |    151 |    151 |      0 |      0 |      0 |   1 |  151.0 |
        Bailey |    390 |    390 |      0 |    165 |      0 |   1 |  390.0 |
               +--------+--------+--------+--------+--------+-----+--------+

Top non-repeatable levels by time:
     D:7: 1500 daAuts
     D:6: 1384 daAuts
     D:2: 1348 daAuts
     D:9: 1273 daAuts
     D:5: 1272 daAuts
     D:8: 1218 daAuts
     D:1: 1146 daAuts
     D:4: 1131 daAuts
     D:3: 769 daAuts
    D:10: 471 daAuts
  Bailey: 390 daAuts
  Temple: 151 daAuts
